 Dungeon Crawl Stone Soup version 0.28.0-43-g3370ac3207 (webtiles) character file.

Game seed: 13118300261889937700

4119 funkygono the Thaumaturge (level 10, 0/60 HPs)
             Began as a Djinni Fire Elementalist on Mar 2, 2022.
             Was an Initiate of Elyvilon.
             Slain by a polar bear (shapeshifter) (4 damage)
             ... on level 8 of the Dungeon.
             The game lasted 00:13:27 (8536 turns).

funkygono the Thaumaturge (DjFE)                    Turns: 8536, Time: 00:13:28

Health: 0/60       AC: 14    Str:  7    XL:     10   Next: 51%
Gold:   295        EV: 14    Int: 22    God:    Elyvilon [......] SH:  0 Dex: 13

rFire   + + .      SeeInvis .   G - +1 falchion (elec)
rCold   x . .      Faith    .   (no shield)
rNeg    . . .      Spirit   .   y - +0 swamp dragon scales
rPois   ∞          Reflect  .   h - +2 helmet
rElec   .          Harm     .   m - +2 cloak
rCorr   .          Rampage  .   (no gloves)
Will    +....                   (boots unavailable)
Stlth   +.........              (no amulet)
HPRegen 0.20/turn               v - +4 ring of evasion
MPRegen 0.00/turn               (no ring)

@: flying
A: sickness immunity, fire resistance 2, cold vulnerability 1, float, innate
caster, HP casting, extra vitality 1
a: Renounce Religion


You were on level 8 of the Dungeon.
You worshipped Elyvilon.
Elyvilon was noncommittal.
You visited 2 branches of the dungeon, and saw 9 of its levels.

You collected 295 gold pieces.

Inventory:

Hand Weapons
 b - a +0 dagger of venom
 i - a +0 falchion
 l - a +4 quarterstaff of chaos
 G - a +1 falchion of electrocution (weapon)
Missiles
 e - 189 stones
 n - a throwing net
Armour
 a - a +0 robe
 d - a +0 leather armour
 h - a +2 helmet (worn)
 j - a +1 animal skin
 m - a +2 cloak (worn)
 y - +0 swamp dragon scales (worn)
 z - the +1 robe of the Snake Pit {+Blink rF++ Regen+ Dex-5}
   (You found it on level 4 of the Dungeon)

   Dex:       It affects your dexterity (-5).
   rF:        It greatly protects you from fire.
   +Blink:    It lets you blink.
   Regen:     It increases your rate of health regeneration.
 A - a +0 leather armour of poison resistance
Magical Staves
 E - a staff of cold
Jewellery
 v - a +4 ring of evasion (left hand)
Wands
 k - a wand of flame (19)
 s - a wand of iceblast (12)
Scrolls
 c - a scroll of holy word
 o - a scroll of fog
 q - 3 scrolls of teleportation
 D - a scroll of magic mapping
Potions
 f - a potion of mutation {unknown}
 g - 3 potions of berserk rage
 p - a potion of curing {unknown}
 r - a potion of ambrosia {unknown}
 t - a potion of might {unknown}
 u - a potion of invisibility {unknown}
 w - a potion of lignification {unknown}
 x - 2 potions of resistance
 B - a potion of cancellation {unknown}
 C - 2 potions of brilliance {unknown}


   Skills:
 + Level 0.1 Fighting
 + Level 3.5 Armour
 + Level 3.1 Dodging
 - Level 1.5 Stealth
 * Level 11.0 Spellcasting


You had 9 spell levels left.
You knew the following spells:

 Your Spells              Type           Power      Damage    Failure   Level
a - Foxfire               Conj/Fire      100%       2x1d9     1%          1
b - Scorch                Fire           100%       2d10      1%          2
c - Conjure Flame         Conj/Fire      57%        6-21      1%          3
d - Inner Flame           Hex/Fire       57%        N/A       1%          3
e - Flame Wave            Conj/Fire      57%        2d11      1%          4
f - Beastly Appendage     Tmut           100%       N/A       1%          1
g - Wereblood             Tmut           57%        N/A       1%          2
h - Poisonous Vapours     Pois/Air       100%       N/A       1%          2
i - Fulminant Prism       Conj/Hex       28%        3d14      1%          4
Your spell library was empty.

Dungeon Overview and Level Annotations

Branches:
Dungeon (8/15)             Temple (1/1) D:7
   Lair: D:8-11

Altars:
Ashenzari
Cheibriados
Dithmenos
Elyvilon
Fedhas
Gozag
Hepliaklqana
Kikubaaqudgha
Makhleb
Nemelex Xobeh
Okawaru
Qazlal
Ru
Sif Muna
Trog
Uskayaw
Vehumet
Wu Jian
Yredelemnul
The Shining One

Shops:
D:6 *


Innate Abilities, Weirdness & Mutations

You are immune to sickness and miasma.
You are immune to poison.
Your flesh is very heat resistant. (rF++)
You are vulnerable to cold. (rC-)
You float through the air rather than walking.
You learn spells naturally, not from books.
Your magical power is your life essence.
You have superior vitality. (+4 MHP)


Message History

A wave of flame ripples out!
The flame wave engulfs the cane toad!
The cane toad is moderately wounded.
You finish channelling waves of flame.
You hear an angry buzzing noise.
Casting: Flame Wave (dangerous; 1% risk of failure)
Confirm with . or Enter, or press ? or * to list all spells.
Flames lash the cane toad.
The cane toad is heavily wounded.
The cane toad's fire resistance burns away.
Casting: Scorch (safe; 1% risk of failure)
Confirm with . or Enter, or press ? or * to list all spells.
You conjure some foxfire!
The cane toad stings you. The cane toad completely misses you.
Casting: Foxfire (safe; 1% risk of failure)
Confirm with . or Enter, or press ? or * to list all spells.
Flames lash the cane toad.
The cane toad is heavily wounded.
The foxfire hits the cane toad but does no damage.
The cane toad is heavily wounded.
The foxfire hits the cane toad but does no damage.
The cane toad is heavily wounded.
The cane toad stings you!
* * * LOW HITPOINT WARNING * * *
Casting: Scorch (safe; 1% risk of failure)
Confirm with . or Enter, or press ? or * to list all spells.
You conjure some foxfire!
* * * LOW HITPOINT WARNING * * *
The cane toad barely misses you.
Casting: Foxfire (safe; 1% risk of failure)
Confirm with . or Enter, or press ? or * to list all spells.
Flames lash the cane toad.
The cane toad is burned terribly!
The cane toad is severely wounded.
* * * LOW HITPOINT WARNING * * *
The cane toad changes into a polar bear!
The foxfire hits the polar bear but does no damage.
The polar bear is lightly wounded.
The foxfire hits the polar bear.
The polar bear is moderately wounded.
The polar bear bites you.
You die...

).###........[..#
≈≈≈≈≈≈..........#
≈≈≈##≈..........# ##
#≈......##..#########.
#≈≈#####.†...##........ #≈≈
###†....##........... #≈≈
#........#............ ##≈
#......h.#....#.......!
..........@#....#........
≈≈........##).....#........
...........###.†...#.!......
...........................
...............>...........
##....................#####
......................+
.............#.#####
.......######.#


You could see a polar bear shaped shifter.

Vanquished Creatures
  2 centaur zombies
  Maggie (D:6)
  3 yaks (D:8)
  A wyvern (D:5)
  An acid dragon (D:8)
  Duvessa (D:7)
  3 water moccasins
  An orc warrior (D:7)
  A necrophage (D:5)
  3 ogres
  A sky beast (D:6)
  2 centaurs
  2 kobold brigands
  4 bullfrogs
  A wyvern zombie (D:6)
  A scorpion (D:7)
  A water moccasin skeleton (D:6)
  Dowan (D:7)
  A howler monkey (D:7)
  4 hounds
  A jelly (D:5)
  A bullfrog zombie (D:5)
  Crazy Yiuf (D:2)
  2 orc priests
  2 centaur skeletons
  A gnoll shaman (D:4)
  2 bullfrog skeletons (D:5)
  Jessica (D:2)
  5 iguanas
  A scorpion zombie (D:5)
  2 orc wizards
  Robin (D:2)
  19 gnolls
  5 adders
  A white imp (D:7)
  3 ufetubi
  An adder skeleton (D:5)
  5 worms
  2 dart slugs (D:2)
  4 orcs
  6 ball pythons
  12 endoplasms
  3 giant cockroaches
  11 goblins
  10 hobgoblins
  4 jackals
  19 kobolds
  2 quokkas
  6 bats
  A frilled lizard (D:1)
  3 rats (D:1)
172 creatures vanquished.

Vanquished Creatures (collateral kills)
  5 foxfires (D:4)
5 creatures vanquished.

Vanquished Creatures (others)
  629 foxfires
  2 fulminant prisms
  4 fungi (D:2)
  7 plants (D:4)
642 creatures vanquished.

Grand Total: 819 creatures vanquished

Notes
Turn   | Place    | Note
-------+----------+-------------------------------------------
     0 | D:1      | funkygono the Djinni Fire Elementalist began the quest for
                  | the Orb.
     0 | D:1      | Reached XP level 1. HP: 15/15 MP: 0/0
   243 | D:1      | Reached XP level 2. HP: 19/21 MP: 0/0
   405 | D:1      | Reached skill level 3 in Spellcasting
   623 | D:1      | Reached XP level 3. HP: 14/25 MP: 0/0
   623 | D:1      | Learned a level 1 spell: Beastly Appendage
   879 | D:1      | Found a faded altar of an unknown god.
  1594 | D:2      | Reached XP level 4. HP: 25/31 MP: 0/0
  1816 | D:2      | Noticed Robin
  1848 | D:2      | Killed Robin
  2112 | D:2      | Reached skill level 4 in Spellcasting
  2229 | D:2      | Reached XP level 5. HP: 32/35 MP: 0/0
  2229 | D:2      | Learned a level 2 spell: Wereblood
  2279 | D:2      | Found a runed translucent door.
  2280 | D:2      | Noticed Crazy Yiuf
  2299 | D:2      | Killed Crazy Yiuf
  2877 | D:2      | Noticed Jessica
  2880 | D:2      | Killed Jessica
  3015 | D:3      | Found a blossoming altar of Fedhas.
  3274 | D:3      | Reached XP level 6. HP: 38/40 MP: 0/0
  3330 | D:3      | Reached skill level 1 in Armour
  3736 | D:3      | Reached skill level 5 in Spellcasting
  4387 | D:4      | Reached XP level 7. HP: 37/45 MP: 0/0
  4387 | D:4      | Learned a level 2 spell: Poisonous Vapours
  4700 | D:4      | Identified the +1 robe of the Snake Pit {+Blink rF++ Regen+
                  | Dex-5}
  4760 | D:4      | Reached skill level 6 in Spellcasting
  4822 | D:4      | Found a sparkling altar of Nemelex Xobeh.
  5040 | D:5      | Entered Level 5 of the Dungeon
  5064 | D:5      | Reached XP level 8. HP: 50/50 MP: 0/0
  5106 | D:5      | Noticed a wyvern
  5115 | D:5      | Killed a wyvern
  5116 | D:5      | Reached skill level 7 in Spellcasting
  5558 | D:5      | Reached skill level 8 in Spellcasting
  5558 | D:5      | Reached XP level 9. HP: 54/55 MP: 0/0
  5558 | D:5      | Learned a level 4 spell: Fulminant Prism
  5638 | D:5      | Found a hide-covered altar of Uskayaw.
  6070 | D:6      | Found a stormy altar of Qazlal.
  6140 | D:6      | Reached skill level 9 in Spellcasting
  6410 | D:6      | Found Nopatras's CLEARANCE SALE!.
  6489 | D:6      | Noticed Maggie
  6505 | D:6      | Killed Maggie
  7038 | D:6      | Reached XP level 10. HP: 58/60 MP: 0/0
  7395 | D:7      | Noticed Duvessa
  7395 | D:7      | Noticed Dowan
  7400 | D:7      | Reached skill level 10 in Spellcasting
  7486 | D:7      | Killed Duvessa
  7487 | D:7      | Killed Dowan
  7788 | D:7      | Found a staircase to the Ecumenical Temple.
  7808 | Temple   | Entered the Ecumenical Temple
  7820 | Temple   | Became a worshipper of Elyvilon the Healer
  8106 | D:7      | Found an ornate altar of the Wu Jian Council.
  8156 | D:7      | Found a snail-covered altar of Cheibriados.
  8522 | D:8      | Noticed a cane toad
  8525 | D:8      | Reached skill level 11 in Spellcasting
  8531 | D:8      | a cane toad changed into a polar bear
  8536 | D:8      | Slain by a polar bear (shapeshifter)

Illustrated notes

Levels and vault maps discovered:
D:1:      dpeg_arrival_tiny_f, layout_loops_ring, basic_ecumenical_altar,
          minmay_domino_4
D:2:      layout_rooms, basic_altar, uniq_jessica, uniq_crazy_yiuf_cottage,
          uniq_robin
D:3:      layout_loops_cross, mainiacjoe_overflow_catwalk
D:4:      layout_loops_corners, nemelex_diamond_rough_becter, serial_bayou,
          serial_bayou_pond_b, serial_bayou_lagoon_a, serial_bayou_pond_c,
          serial_bayou_shore_a, grunt_ministairs_4,
          amcnicky_mini_rare_corridor_liquid
D:5:      layout_layer_cave, nicolae_uskayaw_suspiria, minmay_stone_trees_small,
          chequers_serial_rivers_micro_e
D:6:      layout_layer_cave, fiery_altar_vehumet, lemuel_crystal_altar,
          nicolae_shop_clearance, uniq_maggie
D:7:      layout_rooms, nicolae_wu_jian_glorious_leap, cheibriados_altar_1,
          minmay_temple_entry_stoned_glass, grunt_decor_clamped,
          hangedman_glass_teeth, eino_curves_02, uniq_duvessa
D:8:      layout_basic, xom_teletrap_fun, ebering_ghost_rock_garden,
          lightli_minifort
Temple:   dshaligram_water_room_temple

Skill      XL: |  1  2  3  4  5  6  7  8  9 10 |
---------------+-------------------------------+-----
Spellcasting   | 3 4 5 6 8 9 11 | 11.0
Armour         | 1 2 3 |  3.5
Dodging        | 3 |  3.1
Fighting       | |  0.1
Stealth        | |  1.5

Action                   |  1- 3 |  4- 6 |  7- 9 | 10-12 || total
-------------------------+-------+-------+-------+-------++-------
Melee: Quarterstaff      |       |     6 |     1 |       ||     7
 Cast: Foxfire           |    68 |    86 |   171 |    46 ||   371
       Conjure Flame     |       |     1 |       |       ||     1
       Scorch            |       |    12 |    22 |     8 ||    42
       Poisonous Vapours |       |       |     2 |       ||     2
       Inner Flame       |       |       |     1 |     1 ||     2
       Fulminant Prism   |       |       |     2 |       ||     2
       Flame Wave        |       |       |     1 |     5 ||     6
  Use: Scroll            |       |       |     9 |     3 ||    12
Armor: Leather armour    |     6 |     5 |       |       ||    11
       Robe              |       |       |     5 |       ||     5
       Swamp dragon scal |       |       |       |     8 ||     8
Dodge: Dodged            |     3 |     6 |    34 |    23 ||    66
